AoeStats
← [COBRA] PANCHITO RENE

Arena

506777155Analyzed
1v1 RM · 16d ago on Sep 15, 2026· 19m 42s· 2 players
Game mode
Random Map
Map size
Tiny (2 player)
Population
200
Speed
Normal
Resources
Standard
Victory
Conquest
Starting age
Dark Age
Ending age
Imperial Age
RankedLock teamsTeams togetherTeam positionsShared explorationLock speedFull tech treeHidden civsTurbo modeCheats
Victory
Defeat
🇲🇽 Cumans · Mexico
997
+17
🇭🇰 Spanish · Hong Kong SAR China
1021
-17
[COBRA] PANCHITO RENE
0:27 Loom
11:38 Feudal Age
14:05 Scale Mail Armor
14:19 Man-at-Arms
chowon531
11:49 Feudal Age
17:38 Castle Age
16:19 Man-at-Arms
18:15 Loom
Connection lost

Rejoining the realm…

Still unreachable

The connection could not be restored.

Session expired

The server has moved on; the page needs a fresh start.